3AAA
TORTOLITA DRUMMERS @ SANTA BARBARA GOLDEN CRANES
07/01/2048
 
TOP OF THE 1ST
Tortolita Drummers batting - Pitching for Santa Barbara Golden Cranes : LHP José García
Pitching: LHP José García
Batting: RHB Roy Stewart 0-0: Ball
1-0: Ball
2-0: Ground out 5-3 (Groundball, 56S, EV 65.6 MPH)
Batting: LHB Numberto Pencíl 0-0: Ball
1-0: Ball
2-0: Called Strike
2-1: Foul Ball, location: 2F
2-2: SINGLE (Groundball, 3D, EV 98.1 MPH)
Batting: RHB Soshal Distan Singh 0-0: Called Strike
0-1: Ball
1-1: Foul Ball, location: 2F
1-2: Ball
2-2: Foul Ball, location: 2F
2-2: SINGLE (Flyball, 6MD, EV 91.9 MPH)
Numberto Pencíl to second
Batting: RHB James Childs 0-0: Foul Ball, location: 2F
0-1: Grounds into double play, 4-6-3 (Groundball, 4, EV 79.4 MPH)
Top of the 1st over - 0 runs, 2 hits, 0 errors, 1 left on base; Tortolita 0 - Santa Barbara 0
BOTTOM OF THE 1ST
Santa Barbara Golden Cranes batting - Pitching for Tortolita Drummers : LHP Iban Wilson
Pitching: LHP Iban Wilson
Batting: RHB Bob Byrd 0-0: Swinging Strike
0-1: Ground out 6-3 (Groundball, 56, EV 101.2 MPH)
Batting: RHB Ryan McLeod 0-0: Called Strike
0-1: Ball
1-1: Ground out 6-3 (Groundball, 6, EV 88.1 MPH)
Batting: RHB Santiago Harmon 0-0: Called Strike
0-1: Ball
1-1: Called Strike
1-2: Foul Ball, location: 2F
1-2: Foul Ball, location: 2F
1-2: Strikes out looking
Bottom of the 1st over - 0 runs, 0 hits, 0 errors, 0 left on base; Tortolita 0 - Santa Barbara 0
TOP OF THE 2ND
Tortolita Drummers batting - Pitching for Santa Barbara Golden Cranes : LHP José García
Batting: SHB Alan Campbell 0-0: Ball
1-0: Swinging Strike
1-1: Called Strike
1-2: Ball
2-2: Ball
3-2: Ground out 3-1 (Groundball, 34, EV 88.1 MPH)
Batting: LHB Gene Haber 0-0: DOUBLE (Groundball, 5L, EV 106.2 MPH)
Batting: LHB Stephen Adams 0-0: Ball
1-0: Called Strike
1-1: Foul Ball, location: 2F
1-2: SINGLE (Groundball, 4MD, EV 101.2 MPH) (infield hit)
Gene Haber to third
Batting: SHB Warren Espiritu 0-0: Ball
1-0: Foul Ball, location: 2F
1-1: Ball
2-1: Fly out, F5 (Popup, 56, EV 68.8 MPH)
Batting: LHB Shawn Kyllo 0-0: Called Strike
0-1: Fly out, F7 (Flyball, 7D, EV 89.4 MPH)
Top of the 2nd over - 0 runs, 2 hits, 0 errors, 2 left on base; Tortolita 0 - Santa Barbara 0
BOTTOM OF THE 2ND
Santa Barbara Golden Cranes batting - Pitching for Tortolita Drummers : LHP Iban Wilson
Batting: RHB Robbie Fisher 0-0: Called Strike
0-1: Swinging Strike
0-2: Strikes out looking
Batting: RHB León Murciano 0-0: Ball
1-0: Ball
2-0: Ball
3-0: Base on Balls
Batting: RHB Augusto Castro 0-0: Called Strike
0-1: Fly out, F7 (Line Drive, 7, EV 103.8 MPH)
Batting: RHB César Chávez 0-0: Swinging Strike
0-1: Called Strike
0-2: Ball
1-2: Fly out, F9 (Line Drive, 9D, EV 97.5 MPH)
Bottom of the 2nd over - 0 runs, 0 hits, 0 errors, 1 left on base; Tortolita 0 - Santa Barbara 0
TOP OF THE 3RD
Tortolita Drummers batting - Pitching for Santa Barbara Golden Cranes : LHP José García
Batting: RHB Roy Stewart 0-0: Ball
1-0: Fly out, F7 (Flyball, 7, EV 93.1 MPH)
Batting: LHB Numberto Pencíl 0-0: SINGLE (Flyball, 34D, EV 86.2 MPH)
Batting: RHB Soshal Distan Singh 0-0: Called Strike
0-1: Called Strike
0-2: Foul Ball, location: 2F
0-2: Ball
1-2: Strikes out swinging
Batting: RHB James Childs 0-0: Ball
1-0: Called Strike
1-1: Ball
2-1: Called Strike
2-2: Strikes out looking
Top of the 3rd over - 0 runs, 1 hit, 0 errors, 1 left on base; Tortolita 0 - Santa Barbara 0
BOTTOM OF THE 3RD
Santa Barbara Golden Cranes batting - Pitching for Tortolita Drummers : LHP Iban Wilson
Batting: LHB Buddy Gordon 0-0: Ground out 4-3 (Groundball, 4, EV 96.2 MPH)
Batting: LHB Jose Asuncion 0-0: Foul Ball, location: 2F
0-1: Foul Ball, location: 2F
0-2: Foul Ball, location: 2F
0-2: Ball
1-2: Ball
2-2: Strikes out swinging
Batting: RHB Bob Byrd 0-0: Ball
1-0: Ball
2-0: Ball
3-0: Called Strike
3-1: Base on Balls
Batting: RHB Ryan McLeod 0-0: Ball
1-0: Fly out, F7 (Flyball, 7, EV 95.6 MPH)
Bottom of the 3rd over - 0 runs, 0 hits, 0 errors, 1 left on base; Tortolita 0 - Santa Barbara 0
TOP OF THE 4TH
Tortolita Drummers batting - Pitching for Santa Barbara Golden Cranes : LHP José García
Batting: SHB Alan Campbell 0-0: Ball
1-0: Ground out 5-3 (Groundball, 5, EV 90.6 MPH)
Batting: LHB Gene Haber 0-0: Ball
1-0: Called Strike
1-1: Swinging Strike
1-2: Strikes out looking
Batting: LHB Stephen Adams 0-0: Ball
1-0: SINGLE (Groundball, 4MD, EV 102.5 MPH)
Batting: SHB Warren Espiritu 0-0: Fly out, F8 (Line Drive, 8LM, EV 95.0 MPH)
Top of the 4th over - 0 runs, 1 hit, 0 errors, 1 left on base; Tortolita 0 - Santa Barbara 0
BOTTOM OF THE 4TH
Santa Barbara Golden Cranes batting - Pitching for Tortolita Drummers : LHP Iban Wilson
Batting: RHB Santiago Harmon 0-0: Called Strike
0-1: Swinging Strike
0-2: Strikes out looking
Batting: RHB Robbie Fisher 0-0: DOUBLE (Line Drive, 7LM, EV 98.1 MPH)
Batting: RHB León Murciano 0-0: Ball
1-0: Ball
2-0: Called Strike
2-1: Swinging Strike
2-2: Strikes out swinging
Batting: RHB Augusto Castro 0-0: Called Strike
0-1: Fly out, F3 (Popup, 3S, EV 78.8 MPH)
Bottom of the 4th over - 0 runs, 1 hit, 0 errors, 1 left on base; Tortolita 0 - Santa Barbara 0
TOP OF THE 5TH
Tortolita Drummers batting - Pitching for Santa Barbara Golden Cranes : LHP José García
Batting: LHB Shawn Kyllo 0-0: Called Strike
0-1: Fly out, F8 (Flyball, 8LD, EV 95.6 MPH)
Batting: RHB Roy Stewart 0-0: Ball
1-0: Ball
2-0: Ball
3-0: Called Strike
3-1: Ground out 6-3 (Groundball, 6, EV 101.9 MPH)
Batting: LHB Numberto Pencíl 0-0: Fly out, F4 (Line Drive, 4, EV 69.4 MPH)
Top of the 5th over - 0 runs, 0 hits, 0 errors, 0 left on base; Tortolita 0 - Santa Barbara 0
BOTTOM OF THE 5TH
Santa Barbara Golden Cranes batting - Pitching for Tortolita Drummers : LHP Iban Wilson
Batting: RHB César Chávez 0-0: SINGLE (Groundball, 6S, EV 72.5 MPH) (infield hit)
Batting: LHB Buddy Gordon 0-0: Sac Bunt to P - play at first, batter OUT! 1-3
César Chávez to second
Batting: LHB Jose Asuncion 0-0: Swinging Strike
0-1: Swinging Strike
0-2: Strikes out swinging
Batting: RHB Bob Byrd 0-0: Ball
1-0: Called Strike
1-1: Foul Ball, location: 2F
1-2: Ball
2-2: Strikes out swinging
Bottom of the 5th over - 0 runs, 1 hit, 0 errors, 1 left on base; Tortolita 0 - Santa Barbara 0
TOP OF THE 6TH
Tortolita Drummers batting - Pitching for Santa Barbara Golden Cranes : LHP José García
Batting: RHB Soshal Distan Singh 0-0: Ball
1-0: Ball
2-0: Called Strike
2-1: Ball
3-1: Called Strike
3-2: Base on Balls
Batting: RHB James Childs 0-0: Ball
1-0: Called Strike
1-1: Fly out, F3 (Flyball, 3D, EV 91.9 MPH)
Batting: SHB Alan Campbell 0-0: Ball
1-0: Foul Ball, location: 2F
1-1: Foul Ball, location: 2F
1-2: Ball
2-2: Ball
3-2: Foul Ball, location: 2F
3-2: Grounds into double play, 6-4-3 (Groundball, 6, EV 89.4 MPH)
Top of the 6th over - 0 runs, 0 hits, 0 errors, 0 left on base; Tortolita 0 - Santa Barbara 0
BOTTOM OF THE 6TH
Santa Barbara Golden Cranes batting - Pitching for Tortolita Drummers : LHP Iban Wilson
Batting: RHB Ryan McLeod 0-0: Called Strike
0-1: SINGLE (Groundball, 56D, EV 94.4 MPH)
Batting: RHB Santiago Harmon 0-0: Ball
1-0: Swinging Strike
1-1: Foul Ball, location: 2F
1-2: Strikes out swinging
Batting: RHB Robbie Fisher 0-0: Called Strike
Ryan McLeod is caught stealing 2nd base 2-4
0-1: Ball
1-1: Called Strike
1-2: Ball
2-2: Foul Ball, location: 2F
2-2: Foul Ball, location: 2F
2-2: Strikes out swinging
Bottom of the 6th over - 0 runs, 1 hit, 0 errors, 0 left on base; Tortolita 0 - Santa Barbara 0
TOP OF THE 7TH
Tortolita Drummers batting - Pitching for Santa Barbara Golden Cranes : LHP José García
Batting: LHB Gene Haber 0-0: Ball
1-0: SINGLE (Groundball, 34, EV 95.6 MPH)
Batting: LHB Stephen Adams 0-0: Sac Bunt to 13 - play at first, batter OUT! 1-4
Gene Haber to second
Batting: SHB Warren Espiritu 0-0: Intentional Walk
Batting: LHB Shawn Kyllo 0-0: Ball
1-0: Foul Ball, location: 2F
1-1: Fly out, F7 (Flyball, 78M, EV 91.2 MPH)
Batting: RHB Roy Stewart 0-0: Ball
1-0: Called Strike
1-1: Ball
2-1: Foul Ball, location: 2F
2-2: Foul Ball, location: 2F
2-2: SINGLE (Groundball, 23, EV 68.8 MPH) (infield hit)
Gene Haber to third
Warren Espiritu to second
Batting: LHB Numberto Pencíl 0-0: Ball
1-0: Called Strike
1-1: Ball
2-1: Ball
3-1: Ground out 4-3 (Groundball, 4, EV 90.6 MPH)
Top of the 7th over - 0 runs, 2 hits, 0 errors, 3 left on base; Tortolita 0 - Santa Barbara 0
BOTTOM OF THE 7TH
Santa Barbara Golden Cranes batting - Pitching for Tortolita Drummers : LHP Iban Wilson
Batting: RHB León Murciano 0-0: Ball
1-0: Called Strike
1-1: Foul Ball, location: 2F
1-2: Ground out 6-3 (Groundball, 6, EV 99.4 MPH)
Batting: RHB Augusto Castro 0-0: DOUBLE (Line Drive, 89D, EV 103.1 MPH) - OUT at third base trying to stretch hit.
Batting: RHB César Chávez 0-0: Ball
1-0: Ground out 6-3 (Groundball, 6, EV 83.8 MPH)
Bottom of the 7th over - 0 runs, 1 hit, 0 errors, 0 left on base; Tortolita 0 - Santa Barbara 0
TOP OF THE 8TH
Tortolita Drummers batting - Pitching for Santa Barbara Golden Cranes : LHP José García
Batting: RHB Soshal Distan Singh 0-0: Called Strike
0-1: Foul Ball, location: 2F
0-2: Strikes out swinging
Pitching: RHP Josh Rainey
Pinch Hitting: LHB Bill Stickells 0-0: Called Strike
0-1: Ball
1-1: Foul Ball, location: 2F
1-2: Strikes out swinging
Batting: SHB Alan Campbell 0-0: Ball
1-0: Ball
2-0: Ball
3-0: Base on Balls
Batting: LHB Gene Haber 0-0: SINGLE (Groundball, 6D, EV 105.0 MPH)
Alan Campbell to second
Batting: LHB Stephen Adams 0-0: Ball
1-0: Foul Ball, location: 2F
1-1: Ground out 6-3 (Groundball, 56, EV 100.0 MPH)
Top of the 8th over - 0 runs, 1 hit, 0 errors, 2 left on base; Tortolita 0 - Santa Barbara 0
BOTTOM OF THE 8TH
Santa Barbara Golden Cranes batting - Pitching for Tortolita Drummers : LHP Iban Wilson
Now at 1B: Paul Hall
Batting: LHB Buddy Gordon 0-0: Ball
1-0: Ground out 6-3 (Groundball, 6, EV 88.8 MPH)
Batting: LHB Jose Asuncion 0-0: Ball
1-0: DOUBLE (Line Drive, 78M, EV 111.9 MPH)
Batting: RHB Bob Byrd 0-0: Foul Ball, location: 2F
0-1: Fly out, F4 (Popup, 4S, EV 66.2 MPH)
Batting: RHB Ryan McLeod 0-0: Ball
1-0: Ground out 4-3 (Groundball, 4S, EV 68.8 MPH)
Bottom of the 8th over - 0 runs, 1 hit, 0 errors, 1 left on base; Tortolita 0 - Santa Barbara 0
TOP OF THE 9TH
Tortolita Drummers batting - Pitching for Santa Barbara Golden Cranes : RHP Josh Rainey
Batting: SHB Warren Espiritu 0-0: Reached on error, E3 (Groundball, 3, EV 103.1 MPH)
Batting: LHB Shawn Kyllo 0-0: Called Strike
0-1: Ball
1-1: Fielders Choice at 2nd, 1-4 (Groundball, 15S, EV 75.6 MPH)
Batting: RHB Roy Stewart 0-0: Foul Ball, location: 2F
0-1: Ball
1-1: Foul Ball, location: 2F
1-2: Ball
2-2: Grounds into double play, 6-4-3 (Groundball, 6M, EV 108.1 MPH)
Top of the 9th over - 0 runs, 0 hits, 1 error, 0 left on base; Tortolita 0 - Santa Barbara 0
BOTTOM OF THE 9TH
Santa Barbara Golden Cranes batting - Pitching for Tortolita Drummers : LHP Iban Wilson
Batting: RHB Santiago Harmon 0-0: Ball
1-0: Fly out, F4 (Popup, 3S, EV 86.9 MPH)
Batting: RHB Robbie Fisher 0-0: Foul Ball, location: 2F
0-1: Fly out, F8 (Flyball, 8RM, EV 89.4 MPH)
Batting: RHB León Murciano 0-0: Foul Ball, location: 2F
0-1: Foul Ball, location: 2F
0-2: Foul Ball, location: 2F
0-2: Ball
1-2: Foul Ball, location: 2F
1-2: Strikes out swinging
Bottom of the 9th over - 0 runs, 0 hits, 0 errors, 0 left on base; Tortolita 0 - Santa Barbara 0
TOP OF THE 10TH
Tortolita Drummers batting - Pitching for Santa Barbara Golden Cranes : RHP Josh Rainey
Pitching: RHP Petr Elfimov
Batting: LHB Numberto Pencíl 0-0: Foul Ball, location: 2F
0-1: Ground out 3-1 (Groundball, 34S, EV 75.6 MPH)
Batting: RHB Soshal Distan Singh 0-0: Ball
1-0: Ground out 6-3 (Groundball, 6S, EV 83.1 MPH)
Batting: RHB Paul Hall 0-0: Ground out 6-3 (Groundball, 6, EV 95.6 MPH)
Top of the 10th over - 0 runs, 0 hits, 0 errors, 0 left on base; Tortolita 0 - Santa Barbara 0
BOTTOM OF THE 10TH
Santa Barbara Golden Cranes batting - Pitching for Tortolita Drummers : LHP Iban Wilson
Batting: RHB Augusto Castro 0-0: Ball
1-0: Ball
2-0: Foul Ball, location: 2F
2-1: Ball
3-1: Fly out, F4 (Flyball, 34D, EV 85.6 MPH)
Pitching: RHP Apaghana Shachi
Pinch Hitting: LHB Sergio Rivera 0-0: Called Strike
0-1: Ball
1-1: SINGLE (Line Drive, 4M, EV 96.9 MPH)
Batting: LHB Buddy Gordon 0-0: Called Strike
0-1: SINGLE (Line Drive, 8LS, EV 108.1 MPH)
Sergio Rivera to second
Batting: LHB Jose Asuncion 0-0: Grounds into double play, 4-6-3 (Groundball, 34, EV 80.6 MPH)
Bottom of the 10th over - 0 runs, 2 hits, 0 errors, 1 left on base; Tortolita 0 - Santa Barbara 0
TOP OF THE 11TH
Tortolita Drummers batting - Pitching for Santa Barbara Golden Cranes : RHP Petr Elfimov
Now at SS: Carl Hollamby
Batting: SHB Alan Campbell 0-0: Called Strike
0-1: Foul Ball, location: 2F
0-2: Ball
1-2: Fly out, F7 (Flyball, 7S, EV 95.6 MPH)
Batting: LHB Gene Haber 0-0: Called Strike
0-1: Foul Ball, location: 2F
0-2: Ball
1-2: Ball
2-2: Strikes out swinging, 2-3 out at first.
Batting: LHB Stephen Adams 0-0: Ball
1-0: Called Strike
1-1: Fly out, F8 (Flyball, 8RXD, EV 100.6 MPH)
Top of the 11th over - 0 runs, 0 hits, 0 errors, 0 left on base; Tortolita 0 - Santa Barbara 0
BOTTOM OF THE 11TH
Santa Barbara Golden Cranes batting - Pitching for Tortolita Drummers : RHP Apaghana Shachi
Batting: RHB Bob Byrd 0-0: Called Strike
0-1: Foul Ball, location: 2F
0-2: Ball
1-2: Foul Ball, location: 2F
1-2: Strikes out swinging
Batting: RHB Ryan McLeod 0-0: Called Strike
0-1: Foul Ball, location: 2F
0-2: Ball
1-2: Ball
2-2: DOUBLE (Line Drive, 78D, EV 107.5 MPH)
Batting: RHB Santiago Harmon 0-0: Called Strike
0-1: Ball
1-1: Ball
2-1: Foul Ball, location: 2F
2-2: Foul Ball, location: 2F
2-2: Foul Ball, location: 2F
2-2: Fly out, F9 (Flyball, 9LS, EV 97.5 MPH)
Batting: RHB Robbie Fisher 0-0: Intentional Walk
Pinch Hitting: SHB Fred Simpson 0-0: Ball
1-0: Called Strike
1-1: SINGLE (Line Drive, 78S, EV 96.2 MPH)
Ryan McLeod to third
Robbie Fisher to second
Batting: RHB Augusto Castro 0-0: Ball
1-0: Called Strike
1-1: Ball
2-1: Ball
3-1: Ground out 4-3 (Groundball, 4MD, EV 96.9 MPH)
Bottom of the 11th over - 0 runs, 2 hits, 0 errors, 3 left on base; Tortolita 0 - Santa Barbara 0
TOP OF THE 12TH
Tortolita Drummers batting - Pitching for Santa Barbara Golden Cranes : RHP Petr Elfimov
Now at C: Jorge Miralles
Batting: SHB Warren Espiritu 0-0: DOUBLE (Line Drive, 89D, EV 107.5 MPH)
Batting: LHB Shawn Kyllo 0-0: Ball
1-0: Ground out 5-3 (Groundball, 5L, EV 89.4 MPH)
Batting: RHB Roy Stewart 0-0: Called Strike
0-1: Called Strike
0-2: Ball
1-2: Ball
2-2: Foul Ball, location: 2F
2-2: Reached on error, E6 (Groundball, 6, EV 86.2 MPH)
Warren Espiritu to third
Batting: LHB Numberto Pencíl 0-0: Called Strike
0-1: Called Strike
0-2: Ball
1-2: Foul Ball, location: 2F
1-2: Ball
2-2: Strikes out swinging
Batting: RHB Soshal Distan Singh 0-0: Fielders Choice at 2nd, 5-4 (Groundball, 5, EV 98.8 MPH)
Top of the 12th over - 0 runs, 1 hit, 1 error, 2 left on base; Tortolita 0 - Santa Barbara 0
BOTTOM OF THE 12TH
Santa Barbara Golden Cranes batting - Pitching for Tortolita Drummers : RHP Apaghana Shachi
Batting: RHB Carl Hollamby 0-0: Ball
1-0: Ball
2-0: Called Strike
2-1: Ball
3-1: Called Strike
3-2: Ground out 5-3 (Groundball, 5, EV 88.1 MPH)
Batting: LHB Buddy Gordon 0-0: Ball
1-0: Called Strike
1-1: Ball
2-1: Ball
3-1: Swinging Strike
3-2: Strikes out looking
Batting: LHB Jose Asuncion 0-0: Ball
1-0: SINGLE (Groundball, 56S, EV 68.8 MPH) (infield hit)
Batting: RHB Bob Byrd Pickoff Throw to First - Out! 1-3
Bottom of the 12th over - 0 runs, 1 hit, 0 errors, 0 left on base; Tortolita 0 - Santa Barbara 0
TOP OF THE 13TH
Tortolita Drummers batting - Pitching for Santa Barbara Golden Cranes : RHP Petr Elfimov
Pitching: RHP Jayden Fairhead
Batting: RHB Paul Hall 0-0: Ball
1-0: Fly out, F8 (Flyball, 89XD, EV 108.1 MPH)
Batting: SHB Alan Campbell 0-0: Called Strike
0-1: Ball
1-1: Ball
2-1: Ball
3-1: Base on Balls
Batting: LHB Gene Haber 0-0: Called Strike
0-1: Swinging Strike
0-2: Ball
1-2: Ball
2-2: Strikes out looking
Batting: LHB Stephen Adams 0-0: Ball
1-0: Foul Ball, location: 2F
1-1: Fielders Choice at 2nd, U6 (Groundball, 6M, EV 90.0 MPH)
Top of the 13th over - 0 runs, 0 hits, 0 errors, 1 left on base; Tortolita 0 - Santa Barbara 0
BOTTOM OF THE 13TH
Santa Barbara Golden Cranes batting - Pitching for Tortolita Drummers : RHP Apaghana Shachi
Batting: RHB Bob Byrd 0-0: Ball
1-0: Ball
2-0: Swinging Strike
2-1: Ball
3-1: Foul Ball, location: 2F
3-2: Strikes out swinging
Batting: RHB Ryan McLeod 0-0: Ball
1-0: Foul Ball, location: 2F
1-1: Called Strike
1-2: Foul Ball, location: 2F
1-2: Ground out 4-3 (Groundball, 4S, EV 68.1 MPH)
Batting: RHB Santiago Harmon 0-0: Ball
1-0: SINGLE (Line Drive, 89M, EV 98.8 MPH)
Pitching: RHP Rafael Navarro
Batting: RHB Robbie Fisher 0-0: Called Strike
0-1: Swinging Strike
0-2: DOUBLE (Line Drive, 78D, EV 106.2 MPH)
Santiago Harmon to third
Runner from 3rd tries for Home, SAFE, throw by LF to home
Bottom of the 13th over - 1 run, 2 hits, 0 errors, 0 left on base; Tortolita 0 - Santa Barbara 1
Game Over ... Santa Barbara defeats Tortolita, 1 to 0
Monday, October 31st , 2022 - OOTP Baseball 22.12 Build 89